 Dungeon Crawl Stone Soup version 0.27.1-33-g824d729ab1 (webtiles) character file.

Game seed: 8570612080255462864

2694 alasdair19 the Carver (level 9, -9/75 HPs)
             Began as a Minotaur Fighter on Nov 28, 2021.
             Was a Priest of Okawaru.
             Mangled by a two-headed ogre (26 damage)
             ... on level 8 of the Dungeon.
             The game lasted 00:24:54 (7632 turns).

alasdair19 the Carver (Minotaur Fighter)            Turns: 7632, Time: 00:24:55

Health: -9/75      AC: 13    Str: 23    XL:     9   Next: 38%
Magic:  11/11      EV:  5    Int:  6    God:    Okawaru [***...]
Gold:   27         SH: 12    Dex: 10    Spells: 8/8 levels left

rFire    . . .     SeeInvis .   a - +1 long sword
rCold    . . .     Faith    .   c - +1 kite shield
rNeg     + . .     Spirit   .   s - +0 plate armour
rPois    .         Reflect  .   (helmet restricted)
rElec    .         Harm     .   (no cloak)
rCorr    .         Rampage  .   (no gloves)
Will     +....                  (no boots)
Stlth    ..........             (no amulet)
HPRegen  0.22/turn              e - ring of positive energy
MPRegen  0.12/turn              j - ring of willpower

@: hasted, very quick
A: horns 2, retaliatory headbutt
a: Renounce Religion, Heroism


You were on level 8 of the Dungeon.
You worshipped Okawaru.
Okawaru was most pleased with you.
You visited 1 branch of the dungeon, and saw 8 of its levels.

You collected 681 gold pieces.
You spent 654 gold pieces at shops.

Inventory:

Hand Weapons
 a - a +1 long sword (weapon)
 A - a +2 short sword of venom
Missiles
 r - 3 boomerangs
 z - 35 poisoned darts (quivered)
Armour
 c - a +1 kite shield (worn)
 s - a +0 plate armour (worn)
Jewellery
 e - a ring of positive energy (left hand)
 j - a ring of willpower (right hand)
 t - a +4 ring of evasion
Wands
 b - a wand of acid (18)
 f - a wand of paralysis (9)
Scrolls
 d - 2 scrolls of enchant weapon
 h - a scroll of acquirement
 i - a scroll of fear
 k - 4 scrolls of teleportation
 n - a scroll of magic mapping {unknown}
 p - a scroll of vulnerability {unknown}
 u - a scroll of enchant armour
 w - a scroll of fog {unknown}
 x - a scroll of amnesia {unknown}
 y - a scroll of blinking
Potions
 g - a potion of invisibility
 l - a potion of magic
 m - 2 potions of haste
 o - 3 potions of curing
 q - a potion of brilliance
 v - a potion of resistance
 B - a potion of heal wounds
 C - a potion of might


   Skills:
 + Level 5.7 Fighting
 + Level 8.2 Long Blades
 * Level 4.2 Throwing
 + Level 7.9 Armour
 - Level 1.0 Dodging
 - Level 0.2 Stealth
 + Level 7.1 Shields
 * Level 4.6 Invocations
 + Level 1.0 Evocations


You had 8 spell levels left.
You didn't know any spells.
Your spell library was empty.

Dungeon Overview and Level Annotations

Branches:
Dungeon (8/15)             Temple (0/1) D:6
   Lair: D:8-11

Altars:
Gozag
Okawaru
Sif Muna
Vehumet
The Shining One

Shops:
D:4 !*


Innate Abilities, Weirdness & Mutations

You have a pair of horns on your head.
You reflexively headbutt those who attack you in melee.


Message History

The ice beast hits you but does no damage.
You hit the ice beast but do no damage.
You headbutt the ice beast, but do no damage.
The ice beast is heavily wounded.
The ice beast hits you but does no damage.
You closely miss the ice beast. You headbutt the ice beast.
The ice beast is heavily wounded.
You feel like a meek peon again.
The ice beast hits you but does no damage.
You slash the ice beast! Your headbutt misses the ice beast.
The ice beast is severely wounded.
You block the ice beast's attack.
You hit the ice beast. You headbutt the ice beast.
You kill the ice beast!
Okawaru accepts your kill.
You slash the orc!
You kill the orc!
Okawaru accepts your kill.
You barely miss the two-headed ogre. You headbutt the two-headed ogre!
The two-headed ogre is lightly wounded.
The two-headed ogre hits you with a +0 giant spiked club!!
The two-headed ogre hits you with a +0 giant club!
You barely miss the two-headed ogre.
The two-headed ogre is lightly wounded.
You hear the faint creaking of a very distant portcullis.
The two-headed ogre hits you with a +0 giant spiked club!!
* * * LOW HITPOINT WARNING * * *
You block the two-headed ogre's attack.
You hit the two-headed ogre but do no damage.
The two-headed ogre is lightly wounded.
You block the two-headed ogre's attack. x2
You slash the two-headed ogre!
The two-headed ogre is moderately wounded.
You block the two-headed ogre's attack. x2
You completely miss the two-headed ogre.
The two-headed ogre is moderately wounded.
You block the two-headed ogre's attack. The two-headed ogre barely misses you.
You feel yourself speed up.
The two-headed ogre hits you with a +0 giant spiked club!!
You die...

#.###<# #.##.#.#
## #....... ##)
#..###.# # #..
#..# .# #. ..
##..# # #.. #z
#####.###
#...#O## #....##
#...@# ##.###
####.# #..# #.##
##..#
.####..###...#
#...........#.#
######.####.#...
#.# #.....# #.#
####### ..#


You could see a two-headed ogre and a wight.

Vanquished Creatures
  2 ice beasts
  2 black bears
  6 ogres
  2 necrophages
  A centaur (D:8)
  A kobold brigand (D:6)
  3 bullfrogs
  2 gnoll sergeants (D:7)
  2 scorpions (D:5)
  A water moccasin zombie (D:5)
  7 killer bees
  A howler monkey (D:8)
  3 hounds
  A bullfrog skeleton (D:5)
  2 orc priests (D:5)
  A gnoll shaman (D:4)
  2 jellies (D:6)
  A centaur skeleton (D:5)
  2 iguanas (D:6)
  2 orc wizards
  A hound skeleton (D:5)
  14 gnolls
  5 adders
  An ufetubus (D:5)
  A worm (D:3)
  20 orcs
  3 ball pythons
  8 bats
  3 endoplasms
  A giant cockroach (D:3)
  6 goblins
  11 hobgoblins
  2 quokkas (D:4)
  4 frilled lizards
  14 kobolds
  2 rats (D:1)
140 creatures vanquished.

Notes
Turn   | Place    | Note
-------+----------+-------------------------------------------
     0 | D:1      | alasdair19 the Minotaur Fighter began the quest for the
                  | Orb.
     0 | D:1      | Reached XP level 1. HP: 19/19 MP: 0/0
   624 | D:1      | Reached XP level 2. HP: 26/27 MP: 1/1
   913 | D:2      | Found a faded altar of an unknown god.
   973 | D:2      | Reached skill level 3 in Long Blades
  1052 | D:2      | Reached XP level 3. HP: 29/33 MP: 2/2
  1509 | D:3      | Found a glowing golden altar of the Shining One.
  1584 | D:3      | Noticed a black bear
  1593 | D:3      | Killed a black bear
  1594 | D:3      | Reached skill level 4 in Long Blades
  1594 | D:3      | Reached XP level 4. HP: 21/41 MP: 3/3
  1797 | D:3      | Reached XP level 5. HP: 24/47 MP: 4/4
  1968 | D:3      | Found an opulent altar of Gozag.
  1968 | D:3      | Found an iron altar of Okawaru.
  1975 | D:3      | Became a worshipper of Warmaster Okawaru
  2195 | D:4      | Noticed an ogre
  2198 | D:4      | Killed an ogre
  2199 | D:4      | Reached skill level 1 in Dodging
  2244 | D:4      | Reached skill level 5 in Long Blades
  2583 | D:4      | Noticed a necrophage
  2593 | D:4      | Killed a necrophage
  2593 | D:4      | Reached * piety under Okawaru
  2594 | D:4      | Reached skill level 5 in Armour
  2594 | D:4      | Reached XP level 6. HP: 43/53 MP: 5/5
  2678 | D:4      | Reached skill level 1 in Invocations
  2686 | D:4      | Reached skill level 5 in Shields
  2688 | D:4      | Reached skill level 1 in Evocations
  2794 | D:4      | Found Cutesom's Distillery.
  2809 | D:4      | Bought a potion of curing for 36 gold pieces
  2874 | D:4      | Found Naukleim's Assorted Antiques.
  3119 | D:5      | Entered Level 5 of the Dungeon
  3412 | D:5      | Reached XP level 7. HP: 44/60 MP: 7/7
  3531 | D:5      | Reached skill level 1 in Throwing
  3681 | D:5      | Reached skill level 6 in Long Blades
  3687 | D:5      | Reached ** piety under Okawaru
  3803 | D:5      | Found a shimmering blue altar of Sif Muna.
  3959 | D:5      | Reached skill level 5 in Fighting
  4448 | D:5      | Reached XP level 8. HP: 24/68 MP: 9/9
  5396 | D:4      | Bought a scroll of identify for 54 gold pieces
  5396 | D:4      | Bought a scroll labelled SUILIKHLOPEMA for 27 gold pieces
  5396 | D:4      | Bought a scroll of identify for 54 gold pieces
  5409 | D:6      | Found a radiant altar of Vehumet.
  5428 | D:6      | Reached skill level 7 in Long Blades
  5601 | D:6      | Found a staircase to the Ecumenical Temple.
  5855 | D:6      | Reached *** piety under Okawaru
  6847 | D:6      | Reached XP level 9. HP: 28/74 MP: 11/11
  7462 | D:7      | Identified 2 scrolls of acquirement
  7462 | D:7      | Acquired 416 gold pieces
  7489 | D:4      | Bought an ivory ring for 135 gold pieces
  7516 | D:4      | Bought 2 potions of haste for 240 gold pieces
  7516 | D:4      | Bought a potion of heal wounds for 60 gold pieces
  7516 | D:4      | Bought a potion of might for 48 gold pieces
  7596 | D:8      | Noticed a two-headed ogre
  7602 | D:8      | Reached skill level 8 in Long Blades
  7632 | D:8      | Mangled by a two-headed ogre

Illustrated notes

Levels and vault maps discovered:
D:1:      nicolae_arrival_somewhat_less_tricky_arrival, layout_basic
D:2:      layout_loops_ring, ebering_ecumenical_altar_sacrificial
D:3:      layout_basic, mainiacjoe_overflow_tiny_flanked,
          gammafunk_temple_overflow_elements, minmay_surrounded
D:4:      layout_basic, serial_shops, shop, nicolae_take_the_stairs
D:5:      layout_loops_ring, lemuel_tele_altar
D:6:      layout_basic, mainiacjoe_overflow_boulevard,
          minmay_temple_entry_antechambers, grunt_decor_junction
D:7:      layout_rooms
D:8:      layout_loops_cross, kennysheep_mini, enter_bailey_2, serial_shops,
          nicolae_shop_behind_doors, nicolae_wwwww, minmay_joined_circles

Skill      XL: |  1  2  3  4  5  6  7  8  9 |
---------------+----------------------------+-----
Armour         | 4 5 6 7 |  7.9
Fighting       | 4 5 |  5.7
Long Blades    | 3 4 5 6 7 8 |  8.2
Shields        | 4 5 6 7 |  7.1
Dodging        | 1 |  1.0
Invocations    | 1 2 4 |  4.6
Evocations     | 1 |  1.0
Throwing       | 2 3 4 |  4.2
Stealth        | |  0.2

Action                   |  1- 3 |  4- 6 |  7- 9 || total
-------------------------+-------+-------+-------++-------
Melee: Long sword        |    75 |   103 |   281 ||   459
       Headbutt          |    10 |    26 |    57 ||    93
Throw: Boomerang         |       |       |    11 ||    11
       Dart              |       |       |    18 ||    18
Invok: Heroism           |       |     1 |     5 ||     6
Evoke: Wand              |       |     2 |     1 ||     3
  Use: Scroll            |     1 |     2 |     9 ||    12
       Potion            |     1 |       |     2 ||     3
Armor: Scale mail        |    25 |       |       ||    25
       Chain mail        |    17 |    51 |    42 ||   110
       Plate armour      |       |       |   139 ||   139
Dodge: Dodged            |    21 |    25 |    64 ||   110
Block: Kite shield       |    48 |    57 |   187 ||   292
       Rpst.: Long sword |     4 |     6 |    18 ||    28
